 Dungeon Crawl Stone Soup version 0.30.1-9-gdf580d7c3d (webtiles) character file.

Game seed: 13487477893937928923

11510 H0rd4k the Nimble (level 12, -5/97 HPs)
             Began as a Human Artificer on Oct 12, 2023.
             Was an Initiate of Gozag.
             Killed from afar by an electric eel (10 damage)
             ... with a bolt of electricity
             ... on level 10 of the Dungeon on Oct 13, 2023.
             The game lasted 00:24:49 (13988 turns).

H0rd4k the Nimble (Human Artificer)                Turns: 13988, Time: 00:24:50

Health: -5/97      AC: 12    Str: 19    XL:     12   Next: 8%
Magic:  0/22       EV: 17    Int: 15    God:    Gozag
Gold:   471        SH:  0    Dex: 15    Spells: 25/25 levels left

rFire   . . .        n - +4 whip (elec)
rCold   . . .        (no shield)
rNeg    . . .        y - +3 leather armour of the Demon Prince {SInv}
rPois   .            e - +0 helmet
rElec   .            (no cloak)
rCorr   .            (no gloves)
SInv    +            H - +4 pair of boots of the Worm {Will+ Stlth+}
Will    +....        t - amulet of guardian spirit
Stlth   ++           k - +6 ring of strength
HPRegen 0.36/turn    (no ring)
MPRegen 0.18/turn

%: guardian spirit
@: no status effects
A: no striking features
a: Renounce Religion, Potion Petition, Call Merchant, Bribe Branch


You were on level 10 of the Dungeon.
You worshipped Gozag.
Gozag was aware of your devotion.
You visited 3 branches of the dungeon, and saw 12 of its levels.
You also visited: Sewer and Ossuary.

You collected 2241 gold pieces.
You spent 366 gold pieces at shops.
You paid 1404 gold pieces to Gozag.

Inventory:

Hand Weapons
 h - a +6 falchion of holy wrath
 n - a +4 whip of electrocution (weapon)
 o - a +2 whip of venom
 s - a +2 falchion of electrocution
 w - a +2 flail of protection
 C - a +2 vampiric whip
Missiles
 B - 11 poisoned darts
 F - 2 curare-tipped darts
Armour
 e - a +0 helmet (worn)
 y - the +3 leather armour of the Demon Prince (worn) {SInv}
   (You bought it in a shop on level 8 of the Dungeon)

   SInv:      It lets you see invisible.
 H - the +4 pair of boots of the Worm (worn) {Will+ Stlth+}
   (You found it on level 9 of the Dungeon)

   Will:      It increases your willpower.
   Stlth:     It makes you more stealthy.
Magical Staves
 G - a staff of death
Jewellery
 k - a +6 ring of strength (left hand)
 t - an amulet of guardian spirit (around neck)
Wands
 c - a wand of flame (3) (quivered)
 E - a wand of polymorph (4)
Scrolls
 a - 3 scrolls of teleportation
 g - 5 scrolls of fog
 r - 3 scrolls of enchant weapon
 v - a scroll of enchant armour
 z - a scroll of identify
 A - a scroll of amnesia
 K - 4 scrolls of fear
Potions
 d - a potion of ambrosia
 i - a potion of might
 l - 3 potions of flight
 m - a potion of cancellation {unknown}
 p - a potion of curing
 q - a potion of lignification {unknown}
 u - a potion of invisibility
 D - 2 potions of mutation
 I - 3 potions of magic
Miscellaneous
 j - a piece from Xom's chessboard (15/15)


   Skills:
 + Level 10.0 Fighting
 - Level 6.3 Maces & Flails
 - Level 2.0 Armour
 + Level 10.5 Dodging
 - Level 1.0 Stealth
 * Level 7.1 Spellcasting
 + Level 6.4 Evocations


You had 25 spell levels left.
You didn't know any spells.
Your spell library contained the following spells:

 Spells                   Type           Power      Damage    Failure   Level
 Magic Dart               Conj           20%        1d4       16%         1
 Call Imp                 Summ           10%        N/A       24%         2
 Lesser Beckoning         Tloc           10%        N/A       24%         2
 Gell's Gravitas          Tloc           5%         N/A       43%         3
 Mephitic Cloud           Conj/Pois/Air  5%         N/A       43%         3
 Ozocubu's Armour         Ice            5%         N/A       43%         3
 Teleport Other           Tloc           5%         N/A       43%         3
 Metabolic Englaciation   Hex/Ice        2%         N/A       99%         5
 Simulacrum               Ice/Necr       Unusable   N/A       N/A         6

Dungeon Overview and Level Annotations

Branches:
Dungeon (10/15)            Temple (1/1) D:4            Lair (1/5) D:8
  Sewer (visited)         Ossuary (visited)
    Orc: D:9-12

Altars:
Ashenzari
Cheibriados
Dithmenos
Elyvilon
Fedhas
Gozag
Hepliaklqana
Kikubaaqudgha
Makhleb
Nemelex Xobeh
Okawaru
Qazlal
Ru
Sif Muna
Trog
Uskayaw
Vehumet
Wu Jian
Xom
Yredelemnul
Zin
The Shining One

Shops:
D:5 :   D:8 [*

Annotations:
D:5 exclusions: 2 downstairs and yak
D:6 1 runed translucent door, exclusion: door, Crazy Yiuf
D:7 exclusion: downstairs
D:8 exclusion: two-headed ogre
D:9 exclusion: 2 downstairs
D:10 exclusion: troll


Message History

You now have 471 gold pieces (gained 50).
The electric eel shoots out a bolt of lightning at you!
The bolt of electricity hits you!
The electric eel shoots out a bolt of lightning at you!
The bolt of electricity hits you! x2
You closely miss the electric eel.
You hit the electric eel but do no damage.
You closely miss the electric eel.
The electric eel shoots out a bolt of lightning at you!
The bolt of electricity hits you.
The electric eel shoots out a bolt of lightning at you!
The bolt of electricity hits you but does no damage.
You barely miss the electric eel. You punch the electric eel.
The electric eel is lightly wounded.
The electric eel shoots out a bolt of lightning at you!
The bolt of electricity hits you!
The electric eel shoots out a bolt of lightning at you!
The bolt of electricity hits you!
The electric eel shoots out a bolt of lightning at you!
The bolt of electricity hits you!
The electric eel shoots out a bolt of lightning at you!
The bolt of electricity hits the electric eel.
The electric eel completely resists.
The bolt of electricity hits you.
The electric eel shoots out a bolt of lightning at you!
The bolt of electricity hits you.
* * * LOW HITPOINT WARNING * * *
The electric eel shoots out a bolt of lightning at you!
The bolt of electricity hits you!
* * * LOW HITPOINT WARNING * * *
The bolt of electricity misses you.
The electric eel shoots out a bolt of lightning at you!
The bolt of electricity misses the electric eel.
The bolt of electricity hits you.
* * * LOW HITPOINT WARNING * * *
The bolt of electricity hits you!
* * * LOW HITPOINT WARNING * * *
The electric eel shoots out a bolt of lightning at you!
The bolt of electricity hits you!
You die...
Your body crumbles into a pile of gold.

######..P...####
#....~~~~P......
###..~~~♣P~~~..... ###.<...~♣
♣~PP.... #.......~♣♣ ♣PS.~...
.....#....SS~♣ ♣PP..... ####
#......♣♣ ♣~~S....
##.###.S~~~~.~.... ##@.#
.~P~~~...... #..## .PP.P######
#.## #### ##'######### #
#..........# # ###
#........).######### ....
#####........).'.##..... .....
##...'.....<..))#.##.....
....T.##..###..........#.##.(...


You could see 2 electric eels.

Vanquished Creatures
  A two-headed ogre (D:9)
  Lodul (D:10)
  A cane toad (Lair:1)
  A komodo dragon (D:8)
  Maggie (D:8)
  Grinder (D:4)
  3 wyverns
  Eustachio (D:6)
  A basilisk (D:8)
  15 yaks
  A water moccasin (D:5)
  Menkaure (D:7)
  3 acid dragons
  A sky beast (D:7)
  2 orc warriors
  2 black bears (D:6)
  3 centaurs
  9 ogres
  2 kobold brigands (Sewer)
  5 bullfrogs
  4 scorpions
  2 gnoll sergeants
  22 wights
  20 killer bees
  2 howler monkeys (D:8)
  2 human zombies (Ossuary)
  6 lava snakes (D:9)
  A gnoll bouda (D:7)
  2 hounds (D:7)
  2 orc priests
  A jelly (D:6)
  Jessica (D:3)
  Ijyb (D:4)
  6 iguanas
  3 orc wizards
  A sleepcap (D:6)
  A hound zombie (Ossuary)
  4 mummies (Ossuary)
  16 gnolls
  4 river rats (Sewer)
  11 adders
  A shadow imp (D:6)
  A white imp (D:7)
  An ufetubus (D:6)
  An adder zombie (Ossuary)
  6 worms
  A dart slug (D:2)
  25 orcs
  10 ball pythons
  6 bats
  5 endoplasms
  4 giant cockroaches
  A gnoll zombie (Ossuary)
  5 goblins
  7 hobgoblins
  5 jackals
  2 quokkas
  6 frilled lizards
  2 goblin zombies (Ossuary)
  A hobgoblin zombie (Ossuary)
  10 kobolds
  A kobold zombie (Ossuary)
  An orc zombie (Ossuary)
  5 rats
  2 rat zombies (Ossuary)
276 creatures vanquished.

Vanquished Creatures (collateral kills)
  A komodo dragon (D:10)
  A centaur (D:9)
  A wight (D:5)
  6 gnolls
  3 goblins (D:4)
  A kobold (D:6)
13 creatures vanquished.

Vanquished Creatures (others)
  A two-headed ogre (D:9)
  A kobold brigand (D:6)
  3 wights (D:5)
  A hound (D:4)
  A gnoll (D:2)
  A goblin (D:4)
8 creatures vanquished.

Grand Total: 297 creatures vanquished

Notes
Turn   | Place    | Note
-------+----------+-------------------------------------------
     0 | D:1      | H0rd4k the Human Artificer began the quest for the Orb.
     0 | D:1      | Reached XP level 1. HP: 15/15 MP: 1/1
   129 | D:1      | Reached XP level 2. HP: 10/21 MP: 2/2
   693 | D:1      | Reached XP level 3. HP: 19/26 MP: 3/3
   965 | D:2      | Reached skill level 1 in Maces & Flails
   974 | D:2      | Reached XP level 4. HP: 9/32 MP: 4/4
  1356 | D:2      | Reached XP level 5. HP: 38/38 MP: 5/5
  1903 | D:3      | Found an ornate altar of the Wu Jian Council.
  1940 | D:3      | Noticed Jessica
  1947 | D:3      | Killed Jessica
  2225 | D:3      | Found a glowing drain.
  2255 | Sewer    | Entered a sewer
  2310 | Sewer    | Reached XP level 6. HP: 32/44 MP: 6/6
  2864 | Sewer    | Reached XP level 7. HP: 33/51 MP: 7/7
  3398 | D:3      | Found an ancient bone altar of Kikubaaqudgha.
  3522 | D:3      | Found a faded altar of an unknown god.
  3964 | D:4      | Found a staircase to the Ecumenical Temple.
  4004 | Temple   | Entered the Ecumenical Temple
  4087 | D:4      | Noticed Grinder
  4093 | D:4      | Paralysed by Grinder for 4 turns
  4113 | D:4      | Killed Grinder
  4114 | D:4      | Reached skill level 5 in Maces & Flails
  4114 | D:4      | Reached skill level 1 in Spellcasting
  4185 | D:4      | Noticed Ijyb
  4245 | D:4      | Killed Ijyb
  4246 | D:4      | Reached XP level 8. HP: 48/58 MP: 10/10
  4350 | D:4      | Found a sparkling altar of Nemelex Xobeh.
  4601 | D:5      | Entered Level 5 of the Dungeon
  4709 | D:5      | Found an opulent altar of Gozag.
  4736 | D:5      | Became a worshipper of Gozag Ym Sagoz the Greedy
  5004 | D:5      | Found a sand-covered staircase.
  5012 | Ossuary  | Entered an ossuary
  5484 | D:5      | Found Zojet's Book Boutique.
  5757 | D:5      | Noticed a yak
  5757 | D:5      | Noticed a yak
  5757 | D:5      | Noticed a yak
  5757 | D:5      | Noticed a yak
  5810 | D:6      | Reached skill level 5 in Evocations
  5810 | D:6      | Reached XP level 9. HP: 65/65 MP: 13/13
  5913 | D:6      | Reached skill level 5 in Dodging
  5986 | D:6      | Noticed Eustachio
  6019 | D:6      | Killed Eustachio
  6949 | D:6      | Reached skill level 5 in Fighting
  7513 | D:6      | Found a runed translucent door.
  7514 | D:6      | Noticed Crazy Yiuf
  7835 | D:7      | Reached XP level 10. HP: 74/75 MP: 16/16
  8465 | D:7      | Found a sacrificial altar of Ru.
  8465 | D:7      | Found a basalt altar of Yredelemnul.
  8556 | D:7      | Found a bloodstained altar of Trog.
  8750 | D:7      | Reached skill level 5 in Spellcasting
  8991 | D:7      | Noticed Menkaure
  8998 | D:7      | Killed Menkaure
  9623 | D:8      | Noticed a two-headed ogre
  9858 | D:8      | Noticed Maggie
 10169 | D:8      | Killed Maggie
 10170 | D:8      | Reached XP level 11. HP: 68/85 MP: 16/19
 10774 | D:8      | Found a staircase to the Lair.
 11175 | D:9      | Noticed a two-headed ogre
 11484 | D:9      | Identified the +4 pair of boots of the Worm {Will+ Stlth+}
 11528 | D:9      | Found a stormy altar of Qazlal.
 11879 | D:9      | Noticed a two-headed ogre
 11889 | D:9      | Killed a two-headed ogre
 12203 | D:9      | Found a broken altar of Ashenzari.
 12761 | D:10     | Entered Level 10 of the Dungeon
 12761 | D:10     | Noticed Lodul
 12880 | Lair:1   | Entered Level 1 of the Lair of Beasts
 12917 | D:8      | Bought the +3 leather armour of the Demon Prince {SInv} for
                  | 366 gold pieces
 13073 | D:10     | Killed Lodul
 13088 | D:10     | Reached skill level 10 in Dodging
 13399 | D:10     | Reached XP level 12. HP: 30/97 MP: 7/22
 13649 | D:10     | HP: 4/97 [komodo dragon (9)]
 13961 | D:10     | Reached skill level 10 in Fighting
 13988 | D:10     | Killed from afar by an electric eel

Illustrated notes

Levels and vault maps discovered:
D:1:      amcnicky_arrival_underground_garden, layout_loops_ring
D:2:      layout_basic, minivault_14, minmay_split_cup_small
D:3:      layout_basic, lemuel_crystal_altar, mainiacjoe_overflow_alcove_4,
          cheibrodos_sewer_entry_bend, shapermc_ecumenical_altar_gd,
          uniq_jessica
D:4:      kennysheep_the_goblin_king, layout_cave_pools,
          mainiacjoe_overflow_24_doors, minmay_temple_entry_grid, uniq_grinder
D:5:      layout_gridville, nicolae_gozag_cash_rules_everything_around_me,
          serial_shops, nicolae_shop_crystal,
          lightli_ossuary_entry_decrepit_ruins
D:6:      layout_layer_cave, hellmonk_bongcloud_opening,
          uniq_crazy_yiuf_cottage, uniq_eustachio
D:7:      layout_loops_corners, gammafunk_temple_overflow_forgotten,
          uniq_menkaure
D:8:      layout_basic, erik_lair_dragon, uniq_maggie
D:9:      layout_roguey, nicolae_qazlal_style_of_elements,
          cheibrodos_ashenzari_chains, kennysheep_boxes
D:10:     layout_roguey, serial_bayou, serial_bayou_lagoon_a,
          serial_bayou_pond_b, serial_bayou_pond_c, serial_bayou_pond_b,
          kb_lookout_dungeons_type, hangedman_decor_opposing, uniq_lodul
Temple:   nicolae_temple_ecumenical_triangle
Lair:1:   layout_chaotic_city, grunt_megastairs_2

Skill      XL: |  1  2  3  4  5  6  7  8  9 10 11 12 |
---------------+-------------------------------------+-----
Maces & Flails | 1 2 3 4 5 6 |  6.3
Evocations     | 4 5 6 |  6.4
Fighting       | 2 3 5 7 9 10 | 10.0
Dodging        | 2 3 4 6 8 10 | 10.5
Spellcasting   | 1 3 4 5 7 |  7.1
Armour         | |  2.0
Stealth        | |  1.0

Action                     |  1- 3 |  4- 6 |  7- 9 | 10-12 || total
---------------------------+-------+-------+-------+-------++-------
  Melee: Club              |   100 |       |       |       ||   100
         Punch             |     1 |     1 |     5 |     4 ||    11
         Whip              |       |   181 |   389 |   574 ||  1144
 Invoke: Call Merchant     |       |       |       |     2 ||     2
  Evoke: Wand              |     5 |     1 |    28 |    10 ||    44
    Use: Scroll            |       |     1 |    22 |     2 ||    25
         Potion            |       |       |     5 |     3 ||     8
   Stab: Sleeping          |       |       |     3 |       ||     3
         Invisible         |       |       |     3 |     7 ||    10
         Distracted        |       |       |     1 |     4 ||     5
 Armour: Leather armour    |    43 |    33 |    93 |    90 ||   259
  Dodge: Dodged            |    85 |   103 |   216 |   337 ||   741
